 Dungeon Crawl Stone Soup version 0.31-a0-95-g6fa058ef04 (webtiles) character file.

Game seed: 8955111757229839487

489 greynaab the Insei (level 5, -2/41 HPs)
             Began as a Demonspawn Monk on May 25, 2023.
             Was a Believer of Ru.
             Slain by a gnoll
             ... wielding a +0 club
              (3 damage)
             ... while paralysed by a gnoll
             ... on level 5 of the Dungeon.
             The game lasted 00:11:47 (3793 turns).

greynaab the Insei (Demonspawn Monk)                Turns: 3793, Time: 00:11:48

Health: -2/41      AC:  3    Str: 12    XL:     5   Next: 90%
Magic:  5/5        EV:  2    Int: 13    God:    Ru [**....]
Gold:   276        SH:  0    Dex: 15    Spells: 4/4 levels left

rFire   . . .        a - +1 dagger (elec)
rCold   . . .        c - orb {light}
rNeg    . . .        p - +0 leather armour
rPois   .            (no helmet)
rElec   .            (no cloak)
rCorr   +            (no gloves)
SInv    .            (boots unavailable)
Will    .....        (no amulet)
Stlth   +            l - ring of flight
HPRegen 0.26/turn    r - ring of resist corrosion
MPRegen 0.09/turn

%: no passive effects
@: paralysed, flying, glowing
A: hooves 3, inexperienced 1, condensation shield
a: Renounce Religion


You were on level 5 of the Dungeon.
You worshipped Ru.
Ru was pleased with you.
You visited 2 branches of the dungeon, and saw 6 of its levels.

You collected 276 gold pieces.

Inventory:

Hand Weapons
 a - a +1 dagger of electrocution (weapon)
 g - a +0 sling
Armour
 c - an orb of light (worn)
 k - a +0 robe
 p - a +0 leather armour (worn)
Magical Staves
 h - a staff of fire
Jewellery
 l - a ring of flight (left hand)
 r - a ring of resist corrosion (right hand)
Scrolls
 e - a scroll of immolation
 f - a scroll of poison
 j - a scroll of identify
 q - 2 scrolls of fog {unknown}
 v - a scroll of amnesia {unknown}
 w - a scroll of enchant armour {unknown}
 x - a scroll of noise {unknown}
Potions
 b - 2 potions of ambrosia
 d - a potion of invisibility
 i - 2 potions of heal wounds
 m - a potion of brilliance
 n - a potion of berserk rage {unknown}
 o - 4 potions of curing {unknown}
 s - 2 potions of enlightenment {unknown}
 t - 2 potions of cancellation {unknown}
 u - a potion of haste {unknown}


   Skills:
 - Level 3.0 Fighting
 - Level 2.6 Dodging
 * Level 7.2 Unarmed Combat


You had 4 spell levels left.
You didn't know any spells.
Your spell library contained the following spells:

 Spells                   Type           Power      Damage    Failure   Level
 Summon Small Mammal      Summ           0%         N/A       36%         1
 Call Canine Familiar     Summ           0%         N/A       75%         3
 Summon Guardian Golem    Hex/Summ       0%         N/A       75%         3


Dungeon Overview and Level Annotations

Branches:
Dungeon (5/15) Zot: 26398  Temple (1/1) D:4 Zot: 5810

Altars:
Ashenzari
Cheibriados
Fedhas
Gozag
Hepliaklqana
Kikubaaqudgha
Nemelex Xobeh
Okawaru
Qazlal
Ru
Sif Muna
Trog
Uskayaw
Wu Jian
Yredelemnul


Innate Abilities, Weirdness & Mutations

You have hooves in place of feet.
You are somewhat inexperienced. (-1 XL)
A meltable shield of frost defends you. (SH +4)


Message History

The orc wizard shouts!
The gnoll shouts!
A gnoll comes into view. It is wielding a +0 spear.
The orc wizard gestures at you while chanting.
The puff of flame misses you.
An orc comes into view. It is wielding a +0 dagger.
The gnoll shouts!
Unknown command.
You start waiting.
An orc wizard is nearby!
You block the orc wizard's attack.
You hit the orc wizard.
Lightning courses through the orc wizard!
You kick the orc wizard.
You kill the orc wizard!
The gnoll hits you from afar with a +0 spear.
The gnoll hits you with a +0 spear.
Things that are here:
a +0 dagger; a +0 robe You hit the gnoll but do no damage.
You kick the gnoll.
The gnoll is moderately wounded.
The gnoll closely misses you.
Okay, then.
You barely miss the gnoll. You kick the gnoll.
The gnoll is severely wounded.
You block the gnoll's attack. The gnoll misses you.
You hit the gnoll but do no damage.
The gnoll is severely wounded.
The gnoll closely misses you. The gnoll completely misses you.
You barely miss the gnoll. You kick the gnoll.
You kill the gnoll!
The gnoll hits you from afar with a +0 halberd!
The gnoll completely misses you.
You hit the gnoll but do no damage. The gnoll closely misses you.
The gnoll zaps a wand.
You suddenly lose the ability to move!
The gnoll hits you with a +0 halberd. The gnoll hits you with a +0 club!
The gnoll hits you with a +0 halberd!
* * * LOW HITPOINT WARNING * * *
You focus your inner power and blind the gnoll in retribution!
The gnoll hits you with a +0 club.
You die...

..#.....#.#
gg#.###.#.#
..........#
#o#######.# ..
.. o.........#
#.##.# #..# #
....########..##
# #.
#..##.g)......+
# #.#
#.##@#####...# #
#.# #..#g# ...##
# #.#
#....#.#.#### #
#.# #......#. #
#.####).#.#...#
##
#.......#>..###
.# #.....†######
.# #.####.# .#
#.# ###


You could see 2 gnolls.

Vanquished Creatures
  A scorpion (D:5)
  2 orc priests
  2 iguanas
  4 orc wizards
  A gnoll (D:5)
  3 adders
  5 dart slugs
  6 orcs
  12 bats
  9 endoplasms
  4 giant cockroaches
  12 goblins
  2 hobgoblins
  4 quokkas
  4 ball pythons
  6 frilled lizards
  5 kobolds
  8 rats
90 creatures vanquished.

Vanquished Creatures (others)
  A water moccasin (D:5)
1 creature vanquished.

Grand Total: 91 creatures vanquished

Notes
Turn   | Place    | Note
-------+----------+-------------------------------------------
     0 | D:1      | greynaab the Demonspawn Monk began the quest for the Orb.
     0 | D:1      | Reached XP level 1. HP: 18/18 MP: 1/1
    41 | D:1      | Reached skill level 3 in Unarmed Combat
   147 | D:1      | Gained mutation: You have large cloven feet. [demonic
                  | ancestry]
   147 | D:1      | Reached XP level 2. HP: 23/24 MP: 2/2
   473 | D:1      | Gained mutation: You have hoof-like feet. [demonic
                  | ancestry]
   473 | D:1      | Reached XP level 3. HP: 25/29 MP: 3/3
   965 | D:2      | Reached skill level 4 in Unarmed Combat
  1789 | D:3      | Gained mutation: You have hooves in place of feet. [demonic
                  | ancestry]
  1789 | D:3      | Reached XP level 4. HP: 35/35 MP: 4/4
  2002 | D:3      | Found a blossoming altar of Fedhas.
  2217 | D:4      | Found a staircase to the Ecumenical Temple.
  2226 | Temple   | Entered the Ecumenical Temple
  2397 | Temple   | Became a worshipper of Ru the Awakened
  2407 | Temple   | Gained mutation: You are somewhat inexperienced. (-1 XL)
                  | [Ru sacrifice]
  2407 | Temple   | Reached XP level 3. HP: 29/29 MP: 3/3
  2407 | Temple   | Reached * piety under Ru
  2407 | Temple   | Reached ** piety under Ru
  2438 | D:4      | Reached skill level 5 in Unarmed Combat
  2533 | D:4      | Reached XP level 4. HP: 13/35 MP: 4/4
  3353 | D:4      | Reached skill level 6 in Unarmed Combat
  3361 | D:5      | Entered Level 5 of the Dungeon
  3370 | D:5      | Noticed an ogre
  3431 | D:5      | Gained mutation: A meltable shield of frost defends you.
                  | (SH +4) [demonic ancestry]
  3431 | D:5      | Reached XP level 5. HP: 26/41 MP: 5/5
  3512 | D:5      | Noticed a water moccasin
  3516 | D:5      | Killed a water moccasin
  3719 | D:5      | Reached skill level 7 in Unarmed Combat
  3769 | D:5      | Found a hazy altar of Hepliaklqana.
  3791 | D:5      | Paralysed by a gnoll for 5 turns
  3793 | D:5      | Slain by a gnoll

Illustrated notes

Levels and vault maps discovered:
D:1:      dpeg_arrival_refuge, layout_basic
D:2:      layout_basic
D:3:      layout_basic, nicolae_overflow_hidden_temple, amcnicky_mini_pool_small
D:4:      layout_basic, temple_hall
D:5:      layout_basic, mainiacjoe_overflow_cross_hatched,
          kennysheep_generic_room_13, uniq_grinder, uniq_prince_ribbit1
Temple:   regret_index_temple_generic_petals

Skill      XL: |  1  2  3  4  5 |
---------------+----------------+-----
Unarmed Combat | 3 5 6 7 |  7.2
Fighting       | |  3.0
Dodging        | |  2.6

Action                     |  1- 3 |  4- 6 || total
---------------------------+-------+-------++-------
  Melee: Unarmed           |    30 |       ||    30
         Dagger            |    92 |    76 ||   168
         Kick              |    22 |    28 ||    50
 Invoke: Sacrifice Experie |     1 |       ||     1
    Use: Scroll            |       |     4 ||     4
         Potion            |       |     1 ||     1
   Stab: Sleeping          |     1 |       ||     1
 Armour: Robe              |    16 |       ||    16
         Leather armour    |    15 |    12 ||    27
  Dodge: Dodged            |    58 |    35 ||    93
  Block: Orb               |       |     2 ||     2

Table legend: (Time is in decaauts)
 A = Elapsed time spent in this place.
 B = Non-inter-level travel time spent in this place.
 C = Inter-level travel time spent in this place.
 D = Time resting spent in this place.
 E = Time spent auto-exploring this place.
 F = Levels seen in this place.
 G = Mean time per level.
                   A        B        C        D        E       F      G
               +--------+--------+--------+--------+--------+-----+--------+
         Total |   3790 |   3556 |    234 |    379 |   2574 |   6 |  631.7 |
       Dungeon |   3600 |   3385 |    215 |    379 |   2414 |   5 |  720.0 |
        Temple |    189 |    170 |     19 |      0 |    160 |   1 |  189.0 |
               +--------+--------+--------+--------+--------+-----+--------+

Top non-repeatable levels by time:
     D:4: 968 daAuts
     D:1: 953 daAuts
     D:3: 714 daAuts
     D:2: 575 daAuts
     D:5: 389 daAuts
  Temple: 189 daAuts
